 Dungeon Crawl Stone Soup version 0.30-a0-748-ge6a52f7cba (webtiles) character file.

Game seed: 18432492567395992168

190480 browni3141 the Bludgeoner (level 17, 0/139 HPs)
             Began as a Mummy Cinder Acolyte on Feb 8, 2023.
             Was a Believer of Ignis.
             Slain by a tarantella (8 damage)
             ... on level 1 of the Spider Nest.
             The game lasted 01:44:55 (33328 turns).

browni3141 the Bludgeoner (Mummy Cinder Acolyte)   Turns: 33328, Time: 01:44:56

Health: 0/139      AC: 25    Str: 11    XL:     17   Next: 54%
Magic:  33/33      EV:  9    Int: 29    God:    Ignis [**....]
Gold:   1504       SH:  0    Dex:  9    Spells: 15/40 levels left

rFire   + . .      SeeInvis +    a - +10 morningstar "Tirij" {freeze, Int+2}
rCold   + + .      Faith    +    d - +0 kite shield {reflect}
rNeg    + + +      Spirit   .    o - +5 ring mail "Dalamn" {Fly Str-5 SInv}
rPois   ∞          Reflect  +    L - +0 helmet {Int+3}
rElec   .          Harm     .    v - +1 cloak of Chimes {rC+ Str-2 Int+5 Stlth+}
rCorr   .          Rampage  .    F - -2 pair of gloves "Cudewerr" {rF+ Will+ SInv}
Will    +++..                    M - +1 pair of boots
Stlth   +                        S - amulet of regeneration
HPRegen 1.23/turn                f - +4 ring of protection
MPRegen 0.23/turn                V - +4 ring of protection

@: confused, flying
A: cold resistance 1, negative energy resistance 3, torment resistance 2, heat
vulnerability 1, in touch with death 2, no potions, faith
}: 1/15 runes: decaying
a: Renounce Religion, Fiery Armour, Foxfire Swarm, Rising Flame


You were on level 1 of the Spider Nest.
You worshipped Ignis.
Ignis was pleased with you.
You visited 6 branches of the dungeon, and saw 29 of its levels.
You also visited: Gauntlet.

You collected 4036 gold pieces.
You spent 2532 gold pieces at shops.

Inventory:

Hand Weapons
 a - the +10 morningstar "Tirij" (weapon) {freeze, Int+2}
   (You found it on level 10 of the Dungeon)

   Int:       It affects your intelligence (+2).
Missiles
 c - 4 javelins
 E - 59 poisoned darts
 I - 4 throwing nets
Armour
 d - a +0 kite shield of reflection (worn)
 j - a +0 robe of willpower
 k - a +0 tower shield
 n - an orb of guile
 o - the +5 ring mail "Dalamn" (worn) {Fly Str-5 SInv}
   (You found it on level 2 of the Dungeon)

   Str:       It affects your strength (-5).
   SInv:      It lets you see invisible.
   Fly:       It grants you flight.
 v - the +1 cloak of Chimes (worn) {rC+ Str-2 Int+5 Stlth+}
   (You found it in a Gauntlet)

   Str:       It affects your strength (-2).
   Int:       It affects your intelligence (+5).
   rC:        It protects you from cold.
   Stlth:     It makes you more stealthy.
 x - a +2 chain mail of willpower
 F - the -2 pair of gloves "Cudewerr" (worn) {rF+ Will+ SInv}
   (You found it on level 5 of the Lair of Beasts)

   rF:        It protects you from fire.
   SInv:      It lets you see invisible.
   Will:      It increases your willpower.
 L - a +0 helmet of intelligence (worn)
 M - a +1 pair of boots (worn)
 X - a +1 plate armour of fire resistance
Magical Staves
 b - a staff of air
Jewellery
 f - a +4 ring of protection (left hand)
 w - a +4 ring of slaying
 B - an amulet of the acrobat
 C - a ring of magical power
 N - a ring of resist corrosion
 O - an amulet of reflection
 S - an amulet of regeneration (around neck)
 U - a +5 ring of evasion
 V - a +4 ring of protection (right hand)
 Z - a ring of flight
Wands
 y - a wand of polymorph (4)
 z - a wand of iceblast (16)
 H - a wand of digging (23)
 J - a wand of flame (43)
 K - a wand of charming (7)
 Q - a wand of acid (4)
 T - a wand of mindburst (6)
Scrolls
 e - a scroll of summoning
 g - 7 scrolls of fog
 h - 13 scrolls of teleportation
 i - 3 scrolls of magic mapping
 m - 2 scrolls of enchant armour
 p - 3 scrolls of fear
 q - 2 scrolls of silence
 r - 5 scrolls of vulnerability
 s - 5 scrolls of poison
 t - 8 scrolls of noise
 u - 15 scrolls of identify
 A - 5 scrolls of enchant weapon
 G - a scroll of immolation
 P - 2 scrolls of torment
 W - a scroll of amnesia
Miscellaneous
 l - a condenser vane (inert)
 R - a phantom mirror
 Y - a lightning rod (4/4)


   Skills:
 - Level 14.0 Fighting
 - Level 2.4(10.6) Axes
 - Level 15.9(16.0) Maces & Flails
 - Level 2.0 Throwing
 - Level 8.0 Armour
 - Level 4.0 Dodging
 - Level 1.0 Stealth
 * Level 6.2 Shields
 - Level 12.0 Spellcasting
 - Level 4.0 Hexes
 - Level 12.0 Necromancy
 - Level 2.4 Fire Magic
 * Level 9.0 Evocations


You had 15 spell levels left.
You knew the following spells:

 Your Spells              Type           Power      Damage    Failure   Level
a - Scorch                Fire           62%        2d8       10%         2
b - Anguish               Hex/Necr       48%        N/A       6%          4
c - Animate Dead          Necr           100%       N/A       1%          4
d - Haunt                 Necr/Summ      43%        N/A       100%        7
e - Infestation           Necr           57%        N/A       100%        8

Your spell library contained the following spells:

 Spells                   Type           Power      Damage    Failure   Level
 Ensorcelled Hibernation  Hex/Ice        58%        N/A       12%         2
 Magic Dart               Conj           68%        1d6       17%         1
 Shock                    Conj/Air       68%        1d7       17%         1
 Summon Small Mammal      Summ           68%        N/A       17%         1
 Dazzling Flash           Conj/Hex       58%        N/A       22%         3
 Portal Projectile        Hex/Tloc       58%        N/A       22%         3
 Summon Guardian Golem    Hex/Summ       29%        N/A       22%         3
 Blink                    Tloc           34%        N/A       26%         2
 Call Imp                 Summ           17%        N/A       26%         2
 Lesser Beckoning         Tloc           34%        N/A       26%         2
 Momentum Strike          Conj/Tloc      34%        3d8       26%         2
 Passwall                 Tmut/Erth      14%        N/A       26%         2
 Static Discharge         Conj/Air       34%        2-4/arc   26%         2
 Call Canine Familiar     Summ           17%        N/A       45%         3
 Gell's Gravitas          Tloc           17%        N/A       45%         3
 Mephitic Cloud           Conj/Pois/Air  17%        N/A       45%         3
 Swiftness                Air            17%        N/A       45%         3
 Teleport Other           Tloc           17%        N/A       45%         3
 Vhi's Electric Charge    Tloc/Air       34%        N/A       45%         3
 Leda's Liquefaction      Hex/Erth       14%        N/A       58%         4
 Airstrike                Air            8%         2d(2-18)  86%         4
 Animate Armour           Summ/Erth      34%        N/A       86%         4
 Iskenderun's Mystic Bla  Conj/Tloc      17%        2d5       86%         4
 Yara's Violent Unravell  Hex/Tmut       14%        3d7       91%         5
 Arcjolt                  Conj/Air       8%         1d18      99%         5
 Lightning Bolt           Conj/Air       8%         1d21      99%         5
 Starburst                Conj/Fire      12%        6d5       100%        6
 Enfeeble                 Hex            20%        N/A       100%        7
 Spellforged Servitor     Conj/Summ      8%         N/A       100%        7
 Summon Hydra             Summ           8%         N/A       100%        7
 Sublimation of Blood     Necr           Unusable   N/A       N/A         2
 Wereblood                Tmut           Unusable   N/A       N/A         2
 Spider Form              Tmut/Pois      Unusable   N/A       N/A         3

Dungeon Overview and Level Annotations

Branches:
Dungeon (15/15)            Temple (0/1) D:4            Lair (5/5) D:10
  Swamp (4/4) Lair:2       Spider (1/4) Lair:2        Slime (0/5) Lair:4
    Orc (2/2) D:9             Elf (0/3) Orc:2        Vaults (2/5) D:13
  Crypt (0/3) Vaults:2     Depths (0/4) D:15        Gauntlet (visited)

Altars:
Gozag
Hepliaklqana
Kikubaaqudgha
Okawaru
Sif Muna
Trog
Jiyva

Shops:
D:1 *[((=   D:2 =   D:3 *:*=   D:11 *   Orc:2 [(*=   Vaults:1 (

Portals:
Trove: D:15 (give +4 storm dragon scales)

Annotations:
D:4 1 runed translucent door, Crazy Yiuf
D:11 3 runed translucent doors, exclusion: 3 doors, HilariousDeathArtist's ghost, journeyman NaBr
Lair:2 1 runed translucent door, exclusion: door, TheSexyCheese's ghost, journeyman MfGl
Lair:3 exclusions: downstairs and 1 more exclusion, Urug
Vaults:1 3 runed translucent doors, exclusion: 3 doors, Daydugri's ghost, adept HOFi


Innate Abilities, Weirdness & Mutations

You are immune to poison.
Your flesh is cold resistant. (rC+)
You are immune to negative energy. (rN+++)
You are immune to unholy pain and torment.
You are vulnerable to heat. (rF-)
You are strongly in touch with the powers of death.
You do not drink.
You have a special connection with the divine. (Faith)


Message History

Your jumping spider zombie pounces on the redback.
Your jumping spider zombie bites the redback.
Your boulder beetle zombie barely misses the redback.
Your redback zombie misses the tarantella.
Your redback zombie burns!
Your redback zombie is destroyed!
The culicivora barely misses you.
The tarantella is healed somewhat.
The tarantella touches your redback zombie!
Your redback zombie is destroyed!
Your redback zombie bites the jumping spider.
The redback bites you but does no damage.
The tarantella touches you but does no damage.
Your jumping spider zombie pounces on the redback!
Your jumping spider zombie bites the redback.
Your redback zombie bites the tarantella!
Your redback zombie misses the tarantella.
Your jumping spider zombie pounces on the redback.
The redback dies!
The dead are crawling!
The culicivora barely misses you. The culicivora bites you.
* * * LOW HITPOINT WARNING * * *
Your redback zombie bites the tarantella.
The tarantella touches you but does no damage.
The redback bites you.
* * * LOW HITPOINT WARNING * * *
Your redback zombie bites the tarantella!
The tarantella dies!
The dead are crawling!
Your sun moth zombie closely misses the redback.
Your jumping spider zombie pounces on the jumping spider!
Your jumping spider zombie bites the jumping spider.
Your boulder beetle zombie bites the redback!!
Your reaping aura expires.
Your redback zombie closely misses the culicivora.
The jumping spider leaps!
The redback is healed somewhat.
The culicivora bites you!
* * * LOW HITPOINT WARNING * * *
The redback bites your boulder beetle zombie!
The tarantella touches you!
You die...

...#.......#
.........#...........##
.#..........#...#......#
......s.......#...#.#...
....................<...
.......Z..#.............
.....ZZZ#ZZ............#
#..ss.ZZ.#....#!.#...
...##@°ZZ..#..........
).....ss.Z...........#..
....#..ZZZ..............
.......#............#...
......................#
..#.....#.....(.......#(
...........#............
..#..#..[.$.....#.#....
......#..............


You could see 2 culicivoras, a jumping spider (distracted, ally target), a
tarantella (ally target), a redback (distracted, ally target), a friendly
boulder beetle zombie, 2 friendly wolf spider zombies, 2 friendly jumping spider
zombies, a friendly tarantella zombie, 6 friendly redback zombies, a friendly
culicivora zombie and a friendly sun moth zombie.

Vanquished Creatures
  Saint Roka (Orc:2)
  4 vault wardens
  7 very ugly things (Vaults:1)
  2 ironbound preservers (Vaults:1)
  A broodmother (Spider:1)
  4 ironbound thunderhulks
  3 eleionomae
  Snorg (D:10)
  A minotaur (Gauntlet)
  A green death (Gauntlet)
  A fire dragon (Swamp:4)
  An ettin (D:15)
  A crystal guardian (Vaults:1)
  A yaktaur captain (Vaults:2)
  Josephine (D:13)
  An entropy weaver (shapeshifter) (D:14)
  A rakshasa (D:14)
  13 hydras
  A ghost crab (Swamp:3)
  A catoblepas (Lair:5)
  3 boulder beetles
  10 centaur warriors
  4 two-headed ogres
  11 death yaks
  A deep troll shaman (Lair:5)
  6 alligators
  An orc high priest (Orc:2)
  The ghost of purpskrrrp the Unseen, a novice OpBr of Trog (D:8)
  A spriggan berserker (Swamp:2)
  A shock serpent (shapeshifter) (D:13)
  Amaemon (Lair:3)
  Lodul (D:10)
  A spriggan rider (Swamp:4)
  A goliath frog (Swamp:1)
  13 deep trolls
  2 spriggan druids
  2 ironbound convokers
  8 lindwurms
  A steelbarb worm (Spider:1)
  5 swamp dragons
  A wizard (D:15)
  A necromancer (Vaults:1)
  5 orc knights
  An ugly thing (D:13)
  4 orc sorcerers
  2 manticores (D:12)
  3 will-o-the-wisps (Swamp:1)
  16 elephants
  A cyclops (D:12)
  A moth of wrath (Spider:1)
  5 black mambas
  7 vault sentinels
  A centaur zombie (Vaults:2)
  3 gargoyles
  7 cane toads
  3 orange demons
  Maggie (D:7)
  3 kobold demonologists
  An elf zombie (Vaults:1)
  2 rime drakes
  A freezing wraith (D:15)
  6 komodo dragons
  2 unseen horrors
  3 yaktaurs
  A tengu simulacrum (Vaults:1)
  5 trolls
  3 hornets
  3 polar bears
  2 tyrant leeches
  17 blink frogs
  A jumping spider zombie (Spider:1)
  A dream sheep (shapeshifter) (D:15)
  Sigmund (D:5)
  2 jumping spiders (Spider:1)
  6 wyverns
  6 wraiths
  22 slime creatures
  A slime creature zombie (Vaults:1)
  3 shadows
  62 yaks
  2 spriggans
  4 basilisks
  3 steam dragons
  10 swamp worms
  4 redbacks (Spider:1)
  26 vampire mosquitoes
  A deep troll zombie (Vaults:1)
  2 acid dragons
  6 wargs
  11 water moccasins
  3 swamp drakes (Swamp:4)
  21 orc warriors
  A sky beast (D:8)
  2 black bears
  17 wolves
  17 ogres
  9 centaurs
  A phantom (D:5)
  4 kobold brigands
  Blork the orc (D:5)
  2 necrophages
  2 gnoll sergeants
  3 human zombies (Vaults:1)
  6 bullfrogs
  7 scorpions
  4 wights (D:8)
  A hornet simulacrum (D:15)
  15 howler monkeys
  9 hounds
  3 jellies
  22 orc priests
  8 iguanas
  18 orc wizards
  8 adders
  8 gnolls
  A shadow imp (Gauntlet)
  An ufetubus (D:4)
  4 worms
  A dart slug (D:3)
  58 orcs
  4 bats
  8 endoplasms
  6 giant cockroaches
  5 goblins
  8 hobgoblins
  27 kobolds
  3 quokkas
  13 ball pythons
  6 frilled lizards
  5 rats
748 creatures vanquished.

Vanquished Creatures (collateral kills)
  A thorn hunter (Swamp:4)
  Donald (Vaults:1)
  A vault warden (Vaults:1)
  A fire giant (Vaults:1)
  3 very ugly things (Vaults:1)
  An ironbound preserver (Vaults:1)
  A stone giant (Vaults:1)
  A bunyip (Swamp:2)
  A crystal guardian (Vaults:1)
  6 hydras (Swamp:4)
  2 peacekeepers (Vaults:1)
  A spriggan air mage (Swamp:4)
  A radroach (Spider:1)
  An alligator (Swamp:2)
  A boulder beetle (Spider:1)
  A sun moth (Spider:1)
  3 spriggan druids
  A goliath frog (Swamp:1)
  A deep troll (Vaults:1)
  A bog body (Swamp:3)
  An ironbound convoker (Vaults:1)
  4 lindwurms
  6 swamp dragons
  3 will-o-the-wisps
  2 wolf spiders (Spider:1)
  4 ugly things (Vaults:1)
  A demonic crawler (Lair:2)
  2 vault sentinels (Vaults:1)
  4 yaktaurs
  An efreet (D:15)
  2 tyrant leeches
  A tengu simulacrum (Vaults:1)
  A hornet (Swamp:2)
  2 tarantellas (Spider:1)
  3 slime creatures
  A jumping spider (Spider:1)
  A culicivora (Spider:1)
  A spriggan (Swamp:2)
  8 redbacks (Spider:1)
  A vampire mosquito (Swamp:4)
  3 swamp worms
  3 swamp drakes
  2 orc priests
  2 orc wizards (D:8)
  4 gnolls (D:7)
  7 orcs
100 creatures vanquished.

Vanquished Creatures (others)
  A vault warden (Vaults:1)
  2 very ugly things (Vaults:1)
  An ironbound preserver (Vaults:1)
  An ironbound thunderhulk (Vaults:1)
  10 very ugly thing zombies (Vaults:1)
  2 deep trolls (Vaults:1)
  An ogre zombie (Vaults:1)
  2 wizards
  A stone giant zombie (Vaults:1)
  A fire giant zombie (Vaults:1)
  A broodmother zombie (Spider:1)
  2 centaur zombies (Vaults:2)
  4 yaktaurs
  A steelbarb worm zombie (Spider:1)
  2 swamp worm zombies (Swamp:2)
  6 redback zombies (Spider:1)
  A hydra zombie (Swamp:4)
  A moth of wrath zombie (Spider:1)
  A tarantella zombie (Spider:1)
  A fire dragon zombie (Swamp:4)
  A radroach zombie (Spider:1)
  2 alligator zombies (Swamp:1)
  8 slime creature zombies (Vaults:1)
  A warg (D:9)
  7 deep troll zombies (Vaults:1)
  6 lindwurm zombies
  A swamp dragon zombie (Swamp:4)
  A bullfrog (D:9)
  6 yaktaur zombies (Vaults:1)
  9 human zombies
  A warg zombie (D:15)
  3 swamp drake zombies (Swamp:4)
  An orc zombie (D:15)
  An orc (D:7)
  20 foxfires
  32 fungi
  35 plants
  10 withered plants (D:15)
187 creatures vanquished.

Grand Total: 1035 creatures vanquished

Notes
Turn   | Place    | Note
-------+----------+-------------------------------------------
     0 | D:1      | browni3141 the Mummy Cinder Acolyte began the quest for the
                  | Orb.
     0 | D:1      | Reached XP level 1. HP: 18/18 MP: 2/2
    63 | D:1      | Found Geloavy's Jewellery Shoppe.
   116 | D:1      | Found Gohezar's Antique Weapon Boutique.
   410 | D:1      | Found Daann's Assorted Antiques.
   542 | D:1      | Reached XP level 2. HP: 23/24 MP: 4/4
   598 | D:1      | Found Ycybe's Armour Emporium.
   622 | D:1      | Learned a level 2 spell: Scorch
   829 | D:1      | Found Esaclez's Antique Weapon Shoppe.
   893 | D:1      | Bought a +0 pair of gloves for 49 gold pieces
  1155 | D:2      | Reached skill level 1 in Armour
  1155 | D:2      | Reached skill level 1 in Dodging
  1155 | D:2      | Gained mutation: You are in touch with the powers of death.
                  | [Mummy growth]
  1155 | D:2      | Reached XP level 3. HP: 29/29 MP: 0/5
  1163 | D:2      | Reached skill level 1 in Stealth
  1467 | D:1      | Bought a +0 helmet for 49 gold pieces
  1539 | D:2      | Noticed a necrophage
  1544 | D:2      | Killed a necrophage
  1545 | D:2      | Reached skill level 1 in Maces & Flails
  1545 | D:2      | Reached skill level 1 in Throwing
  1545 | D:2      | Reached XP level 4. HP: 35/35 MP: 1/7
  1777 | D:2      | Identified the +5 ring mail "Dalamn" {Fly Str-5 SInv}
  1832 | D:2      | Found Lemyil's Jewellery Shoppe.
  2246 | D:2      | Reached XP level 5. HP: 29/41 MP: 3/8
  2476 | D:1      | Bought a scroll labelled OCLAMEN HOIST for 24 gold pieces
  2548 | D:3      | Found Cump's Book Shop.
  2568 | D:3      | Found Vetz's Jewellery Shop.
  2627 | D:3      | Found Nopreoz's General Store.
  2698 | D:3      | Found a faded altar of an unknown god.
  3000 | D:3      | Found Nakhlupri's Assorted Antiques.
  3006 | D:3      | Bought a scroll labelled MEOFOOX FUINT for 21 gold pieces
  3140 | D:3      | Identified the +1 buckler of the Iron City of Dis {rN+
                  | Will+}
  3403 | D:4      | Reached skill level 2 in Maces & Flails
  3493 | D:4      | Noticed a black bear
  3495 | D:4      | Reached skill level 1 in Shields
  3495 | D:4      | Reached XP level 6. HP: 47/47 MP: 4/9
  3500 | D:4      | Reached skill level 1 in Evocations
  3808 | D:4      | Reached XP level 7. HP: 48/52 MP: 10/10
  3866 | D:4      | Found a staircase to the Ecumenical Temple.
  3966 | D:4      | Reached skill level 3 in Maces & Flails
  3989 | D:4      | Found a runed translucent door.
  3990 | D:4      | Noticed Crazy Yiuf
  4050 | D:4      | Found a bloodstained altar of Trog.
  4277 | D:5      | Entered Level 5 of the Dungeon
  4674 | D:5      | Noticed Sigmund
  4683 | D:5      | Killed Sigmund
  4684 | D:5      | Reached skill level 4 in Maces & Flails
  4853 | D:5      | Reached XP level 8. HP: 58/58 MP: 11/11
  5165 | D:5      | Reached skill level 5 in Maces & Flails
  5167 | D:5      | Noticed Blork the orc
  5177 | D:5      | Killed Blork the orc
  5455 | D:3      | Bought a scroll of blinking for 75 gold pieces
  5455 | D:3      | Bought a scroll of immolation for 40 gold pieces
  5777 | D:6      | Found a hazy altar of Hepliaklqana.
  5817 | D:6      | Reached skill level 6 in Maces & Flails
  5956 | D:6      | You are sucked into a shaft and drop 1 floor!
  5957 | D:7      | Noticed Maggie
  5969 | D:7      | Killed Maggie
  5970 | D:7      | Reached skill level 7 in Maces & Flails
  6005 | D:7      | Reached XP level 9. HP: 39/63 MP: 12/12
  6184 | D:7      | Reached skill level 8 in Maces & Flails
  7314 | D:1      | Bought a glowing morningstar for 126 gold pieces
  7599 | D:7      | Reached skill level 5 in Fighting
  7993 | D:7      | Noticed an angel
  8077 | D:8      | Found an opulent altar of Gozag.
  8284 | D:8      | Reached XP level 10. HP: 45/74 MP: 4/14
  8542 | D:8      | Found a shimmering blue altar of Sif Muna.
  8593 | D:8      | Reached skill level 9 in Maces & Flails
  8771 | D:8      | Found a runed translucent gate.
  8771 | D:8      | Found a runed translucent gate.
  8771 | D:8      | Found a runed translucent gate.
  8772 | D:8      | Noticed purpskrrrp's ghost (novice OpBr)
  8998 | D:8      | Killed purpskrrrp's ghost
  8999 | D:8      | Reached skill level 5 in Evocations
  9102 | D:9      | Noticed a two-headed ogre
  9125 | D:9      | Killed a two-headed ogre
  9126 | D:9      | Reached skill level 5 in Spellcasting
  9340 | D:9      | Found a staircase to the Orcish Mines.
 10095 | D:9      | Found an ancient bone altar of Kikubaaqudgha.
 10136 | D:10     | Entered Level 10 of the Dungeon
 10275 | D:10     | Identified the +10 morningstar "Tirij" {freeze, Int+2}
 10451 | D:10     | Reached XP level 11. HP: 56/83 MP: 20/20
 10723 | D:10     | Reached skill level 5 in Armour
 10925 | D:10     | Found a staircase to the Lair.
 11350 | D:10     | Noticed Lodul
 11359 | D:10     | Killed Lodul
 11384 | D:10     | Noticed Snorg
 11494 | Orc:1    | Entered Level 1 of the Orcish Mines
 11589 | Orc:2    | Entered Level 2 of the Orcish Mines
 11648 | Orc:2    | Noticed a two-headed ogre
 11828 | D:1      | Bought an amulet of regeneration for 330 gold pieces
 12089 | Lair:1   | Entered Level 1 of the Lair of Beasts
 12154 | Lair:1   | Reached skill level 10 in Maces & Flails
 12833 | D:1      | Bought a cloak for 108 gold pieces
 13173 | Lair:1   | Reached XP level 12. HP: 97/97 MP: 21/21
 13187 | Lair:1   | Reached skill level 10 in Fighting
 13596 | Lair:2   | Noticed a six-headed hydra
 13607 | Lair:2   | Killed a six-headed hydra
 13608 | Lair:2   | Reached skill level 11 in Maces & Flails
 13629 | Lair:2   | Found a staircase to the Swamp.
 13840 | Lair:2   | Noticed a seven-headed hydra
 13852 | Lair:2   | Killed a seven-headed hydra
 13921 | Lair:2   | Found a hole to the Spider Nest.
 14008 | Lair:2   | HP: 4/97 [demonic crawler (2)]
 14041 | Lair:2   | Reached skill level 12 in Maces & Flails
 14209 | Lair:2   | Found a runed translucent door.
 14399 | Lair:2   | Noticed TheSexyCheese's ghost (journeyman MfGl)
 14892 | Lair:2   | Found a runed translucent door.
 15005 | Lair:2   | Found a hole to the Spider Nest.
 15121 | Lair:2   | Found a staircase to the Swamp.
 15737 | Lair:2   | Found a staircase to the Swamp.
 15840 | Lair:2   | Found a hole to the Spider Nest.
 15984 | Lair:2   | Found a runed translucent door.
 16331 | Lair:2   | Found a runed translucent door.
 16434 | Lair:2   | Found a staircase to the Swamp.
 16636 | Lair:2   | Found a hole to the Spider Nest.
 16996 | Lair:3   | Noticed Amaemon
 17016 | Lair:3   | Killed Amaemon
 17017 | Lair:3   | Reached skill level 13 in Maces & Flails
 17174 | Lair:3   | Noticed Urug
 17396 | Lair:4   | Noticed a death yak
 17396 | Lair:4   | Noticed a death yak
 17396 | Lair:4   | Noticed a death yak
 17396 | Lair:4   | Noticed a death yak
 17424 | Lair:4   | Found a viscous altar of Jiyva.
 17424 | Lair:4   | Found a staircase to the Slime Pits.
 17517 | Lair:3   | Killed a death yak
 17556 | Lair:4   | Killed a death yak
 17588 | Lair:4   | Identified the +4 short sword of the Ancient Invaders
                  | {drain, rPois rC- rN+}
 17711 | Lair:4   | Noticed a four-headed hydra
 17724 | Lair:4   | Killed a four-headed hydra
 17725 | Lair:4   | Gained mutation: You are strongly in touch with the powers
                  | of death. [Mummy growth]
 17725 | Lair:4   | Reached XP level 13. HP: 97/103 MP: 19/22
 17934 | Lair:4   | Identified a scroll of acquirement
 18195 | Lair:4   | Reached skill level 14 in Maces & Flails
 18342 | Lair:4   | Found a viscous altar of Jiyva.
 18343 | Lair:4   | Found a staircase to the Slime Pits.
 18898 | Lair:5   | Entered Level 5 of the Lair of Beasts
 19198 | Lair:5   | Reached skill level 15 in Maces & Flails
 19340 | Lair:5   | Identified the -2 pair of gloves "Cudewerr" {rF+ Will+
                  | SInv}
 19979 | Lair:5   | Reached XP level 14. HP: 66/110 MP: 23/23
 20324 | Lair:5   | Identified the +12 rapier "Hukaih" {spect, rPois rC+++ rN+
                  | Int-2}
 20668 | Orc:2    | Noticed Saint Roka
 20681 | Orc:2    | Killed Saint Roka
 20988 | Orc:2    | Found Baxagesch's Antique Armour Boutique.
 21005 | Orc:2    | Found Deipu's Antique Weapon Boutique.
 21046 | Orc:2    | Found Zonemiavez's General Store.
 21123 | Orc:2    | Found a staircase to the Elven Halls.
 21253 | Orc:2    | Found Xytuec's Jewellery Boutique.
 21885 | D:1      | Bought a lightning rod (4/4) for 720 gold pieces
 21885 | D:1      | Bought a scroll of magic mapping for 180 gold pieces
 22051 | D:10     | Killed Snorg
 22473 | D:11     | Found a runed translucent gate.
 22492 | D:11     | Found Ozxiyron's General Store.
 22492 | D:11     | Found a runed translucent gate.
 22493 | D:11     | Found a runed translucent gate.
 22493 | D:11     | Noticed HilariousDeathArtist's ghost (journeyman NaBr)
 22508 | D:11     | Bought a wand of acid (3) for 214 gold pieces
 22508 | D:11     | Bought a scroll of fog for 68 gold pieces
 23646 | D:13     | Noticed Josephine
 23650 | D:13     | Killed Josephine
 24107 | D:13     | Found a gate to the Vaults.
 24479 | D:13     | Acquired 632 gold pieces
 24648 | D:3      | Bought a book of Death for 528 gold pieces
 24653 | D:3      | Learned a level 4 spell: Anguish
 24658 | D:3      | Learned a level 4 spell: Animate Dead
 24666 | D:3      | Learned a level 7 spell: Haunt
 24675 | D:3      | Learned a level 8 spell: Infestation
 25222 | D:14     | Reached skill level 1 in Necromancy
 25222 | D:14     | Reached XP level 15. HP: 93/119 MP: 24/24
 25636 | D:15     | Entered Level 15 of the Dungeon
 25842 | D:15     | Found a gate leading to a gauntlet.
 25850 | Gauntlet | Entered a Gauntlet
 25850 | Gauntlet | Found a transporter.
 25850 | Gauntlet | Found a transporter.
 25851 | Gauntlet | Found a transporter.
 25854 | Gauntlet | Found a transporter.
 25864 | Gauntlet | Found a transporter.
 25930 | Gauntlet | Found a transporter.
 25932 | Gauntlet | Found a large runed translucent door.
 25933 | Gauntlet | Found a large runed translucent door.
 25934 | Gauntlet | Found a large runed translucent door.
 25934 | Gauntlet | Found a large runed translucent door.
 25934 | Gauntlet | Found a runed translucent door.
 25934 | Gauntlet | Found a runed translucent door.
 25935 | Gauntlet | Found a large runed translucent door.
 25936 | Gauntlet | Found a large runed translucent door.
 25937 | Gauntlet | Found a large runed translucent door.
 25937 | Gauntlet | Found a large runed translucent door.
 25938 | Gauntlet | Found a runed translucent gate.
 25938 | Gauntlet | Found a runed translucent gate.
 25938 | Gauntlet | Found a runed translucent gate.
 25940 | Gauntlet | Found a transporter.
 25949 | Gauntlet | Found a large runed translucent door.
 25949 | Gauntlet | Found a large runed translucent door.
 25950 | Gauntlet | Found a large runed translucent door.
 25951 | Gauntlet | Found a large runed translucent door.
 25955 | Gauntlet | Found a transporter.
 25965 | Gauntlet | Found a transporter.
 25980 | Gauntlet | Found a transporter.
 25986 | Gauntlet | Found a transporter.
 26007 | Gauntlet | Found a transporter.
 26018 | Gauntlet | Found a large runed translucent door.
 26019 | Gauntlet | Found a large runed translucent door.
 26020 | Gauntlet | Found a large runed translucent door.
 26020 | Gauntlet | Found a large runed translucent door.
 26056 | Gauntlet | Identified the +1 cloak of Chimes {rC+ Str-2 Int+5 Stlth+}
 26206 | Gauntlet | Got the Papyrus of the Hazy Congregation
 26455 | D:15     | Found a staircase to the Depths.
 27292 | D:15     | Found a portal to a secret trove of treasure.
 27354 | D:15     | Found an ancient bone altar of Kikubaaqudgha.
 28041 | Swamp:1  | Entered Level 1 of the Swamp
 28383 | Swamp:1  | Reached skill level 5 in Necromancy
 28947 | Swamp:2  | You are sucked into a shaft and drop 1 floor!
 28982 | Swamp:3  | Identified the +5 morningstar of Irksome Expedience
                  | {protect, rN+}
 29010 | Swamp:3  | Reached skill level 10 in Spellcasting
 29865 | Swamp:4  | Entered Level 4 of the Swamp
 29932 | Swamp:4  | Noticed a thorn hunter
 29942 | Swamp:4  | Killed a thorn hunter
 30079 | Swamp:4  | Reached XP level 16. HP: 98/127 MP: 19/31
 30101 | Swamp:4  | Reached skill level 1 in Hexes
 30223 | Swamp:4  | Got a decaying rune of Zot
 30637 | Vaults:1 | Entered Level 1 of the Vaults
 31194 | Vaults:1 | Found Ykkourgh's Antique Weapon Shop.
 31301 | Vaults:1 | Noticed Donald
 31315 | Vaults:1 | Reached skill level 10 in Necromancy
 31344 | Vaults:1 | Killed Donald
 31365 | Vaults:1 | Your ally Donald died
 31368 | Vaults:1 | Reached XP level 17. HP: 58/139 MP: 23/33
 31633 | Vaults:1 | Reached skill level 5 in Shields
 31888 | Vaults:1 | Found a runed translucent gate.
 31888 | Vaults:1 | Found a runed translucent gate.
 31888 | Vaults:1 | Found a runed translucent gate.
 31890 | Vaults:1 | Noticed Daydugri's ghost (adept HOFi)
 32470 | Vaults:1 | Identified the +8 great sword of the Poles {holy, Will+
                  | Str+3 Int+4 Dex+5}
 32474 | Vaults:1 | Found an iron altar of Okawaru.
 32673 | Vaults:2 | Found Koalis's Assorted Antiques.
 33259 | Spider:1 | Entered Level 1 of the Spider Nest
 33328 | Spider:1 | Slain by a tarantella

Illustrated notes

Levels and vault maps discovered:
D:1:      dreamdust_arrival_beginning_and_end, layout_basic, serial_shops,
          shop_fountains, shop, shop, shop, nicolae_square_shop
D:2:      layout_basic, serial_shops,
          nicolae_shop_temple_entry_statues_fountains, grunt_ministairs_15,
          nicolae_grassy_gnolls
D:3:      minmay_razor_zed, layout_rooms, ebering_ecumenical_altar_petrified,
          serial_shops, shop, shop, nicolae_shop_hallway_stairs,
          nicolae_shop_overgrown_old_shop
D:4:      layout_basic, general_overflow_altar, minmay_temple_entry_mini_moons,
          grunt_decor_mini_mirrors, uniq_crazy_yiuf_cottage
D:5:      cheibrodos_helix_gallery, layout_basic, palyth_stone_intersect,
          uniq_blork_the_orc, uniq_sigmund
D:6:      layout_rooms, mainiacjoe_overflow_concentric_impassable
D:7:      layout_loops_cross, zin_angel, uniq_maggie
D:8:      minmay_inner_zag, layout_rooms, lemuel_crystal_altar,
          nicolae_gozag_seed_capital, gammafunk_ghost_spectres,
          kennysheep_doodads
D:9:      layout_irregular_city, lemuel_coloured_pillars_altar,
          minmay_orc_entry_guard_dogs, kennysheep_decorative_pillar
D:10:     minmay_general_purpose_star, layout_irregular_city, erik_lair_dragon,
          uniq_lodul, uniq_snorg
D:11:     layout_basic, serial_shops, nicolae_shop_statue_plus,
          gammafunk_ghost_hydra_chop
D:12:     layout_cave_pools, kennysheep_another_room
D:13:     layout_cave_pools, david_vaults_4, uniq_josephine
D:14:     layout_basic, serial_rivers, chequers_serial_rivers_room_b,
          chequers_serial_rivers_marsh, chequers_serial_rivers_micro_e,
          chequers_serial_rivers_room_b, nicolae_titane
D:15:     hangedman_depths_entry_civil_slaughter, layout_stronghold,
          kiku_gazebo_garden_becter, enter_trove_3, gauntlet_entry_generic
Lair:1:   layout_cave_pods, serial_bayou_shore_a, grunt_megastairs_4
Lair:2:   layout_cellular_growth, minmay_swamp_entry_reptiles,
          nicolae_spider_entry_non_spiders, ebering_ghost_inner_flame,
          grunt_megastairs_3
Lair:3:   layout_cellular_growth, uniq_urug, uniq_amaemon
Lair:4:   layout_gridlike, slime_entry_1, grunt_megastairs_1
Lair:5:   grunt_lair_end_beastmaster, layout_loops_ring
Swamp:1:  layout_falls_marsh, evilmike_swamp_ruin_house_1
Swamp:2:  layout_basic_swamp, evilmike_swamp_ruin_house_4, swamp_pool1,
          nicolae_swamp_some_circles
Swamp:3:  layout_basic_swamp, evilmike_swamp_ruin_house_3,
          infiniplex_staircase_pool
Swamp:4:  swamp_alternative, layout_basic_swamp
Spider:1: nicolae_spider_mines_3, nicolae_spider_solar_radiation
Orc:1:    layout_diamond_mine
Orc:2:    grunt_orc_cross, layout_caves, basic_altar
Vaults:1: gammafunk_ghost_fury_of_okawaru, v_misc_4,
          nicolae_vaults_border_crossing, nicolae_vaults_little_squares_6,
          hangedman_vaults_stream, vaults_standard_mumra_lines,
          vaults_room_door_ring, v_misc_5, v_misc_23, v_misc_2,
          hangedman_vaults_stretched_pinwheel, layout_vaults_omnibox,
          serial_shops, nicolae_shop_window_shopping, uniq_donald
Vaults:2: nicolae_vaults_gold_heap, minmay_crypt_entry_necro_gods,
          v_alt_pattern_2, dpeg_vaults_monster_row, dpeg_vaults_monster_box,
          st_greater_box_4, hangedman_vaults_restitches, vaults_room_door_ring,
          nicolae_vaults_ninety_degrees, v_rooms_1, vaults_room_door_ring,
          vaults_room_door_ring, vaults_room_door_ring, v_misc_17,
          layout_vaults_omnicross, serial_shops, shop_coins

Skill      XL: |  1  2  3  4  5  6  7  8  9 10 11 12 13 14 15 16 17 |
---------------+----------------------------------------------------+-----
Armour         | 1 2 4 6 7 8 |  8.0
Dodging        | 1 2 4 |  4.0
Stealth        | 1 |  1.0
Maces & Flails | 1 2 4 7 8 9 10 13 15 | 15.9
Throwing       | 1 2 |  2.0
Spellcasting   | 2 3 6 11 12 | 12.0
Shields        | 1 2 4 6 |  6.2
Evocations     | 1 4 5 6 7 8 9 |  9.0
Fighting       | 5 6 9 10 11 12 14 | 14.0
Necromancy     | 1 7 10 12 | 12.0
Hexes          | 4 |  4.0
Axes           | |  2.4
Fire Magic     | |  2.4

Action                     |  1- 3 |  4- 6 |  7- 9 | 10-12 | 13-15 | 16-18 || total
---------------------------+-------+-------+-------+-------+-------+-------++-------
  Melee: Hand axe          |    49 |    81 |       |       |       |       ||   130
         Mace              |       |    36 |       |       |       |       ||    36
         Flail             |       |    65 |   322 |   144 |       |       ||   531
         Punch             |       |     1 |       |       |       |       ||     1
         Morningstar       |       |       |       |   459 |  1198 |   377 ||  2034
         Staff             |       |       |       |     1 |       |       ||     1
  Throw: Stone             |     6 |       |       |       |       |       ||     6
         Javelin           |     1 |       |       |       |       |       ||     1
         Dart              |       |       |       |       |    56 |       ||    56
   Cast: Scorch            |     7 |    10 |    32 |    26 |    10 |       ||    85
         Animate Dead      |       |       |       |       |     8 |     9 ||    17
         Anguish           |       |       |       |       |     1 |    10 ||    11
 Invoke: Fiery Armour      |       |     1 |     4 |     2 |     3 |       ||    10
  Evoke: Wand              |       |       |     6 |    17 |    26 |    15 ||    64
         Lightning rod     |       |       |       |       |     4 |     5 ||     9
         Condenser vane    |       |       |       |       |       |     5 ||     5
         Phantom mirror    |       |       |       |       |       |     2 ||     2
    Use: Scroll            |       |     9 |     2 |     7 |     8 |     7 ||    33
   Stab: Sleeping          |     1 |       |       |       |       |     2 ||     3
         Distracted        |       |       |       |       |     4 |     2 ||     6
 Armour: Ring mail         |    13 |    90 |   145 |   481 |   748 |   286 ||  1763
         Robe              |     4 |     1 |       |       |       |       ||     5
  Dodge: Dodged            |    28 |    80 |   164 |   388 |   488 |   156 ||  1304
  Block: Buckler           |       |    18 |    88 |   142 |   230 |    48 ||   526
         Kite shield       |       |       |       |       |       |    69 ||    69
         Reflection        |       |       |       |       |       |     7 ||     7

Table legend: (Time is in decaauts)
 A = Elapsed time spent in this place.
 B = Non-inter-level travel time spent in this place.
 C = Inter-level travel time spent in this place.
 D = Time resting spent in this place.
 E = Time spent auto-exploring this place.
 F = Levels seen in this place.
 G = Mean time per level.
                   A        B        C        D        E       F      G
               +--------+--------+--------+--------+--------+-----+--------+
         Total |  33114 |  28817 |   4297 |   2208 |  20178 |  30 | 1103.8 |
       Dungeon |  18666 |  15229 |   3437 |   1423 |  10765 |  15 | 1244.4 |
          Lair |   7930 |   7437 |    493 |    183 |   5850 |   5 | 1586.0 |
         Swamp |   2353 |   2209 |    144 |     38 |   1490 |   4 |  588.2 |
   Spider Nest |     64 |     64 |      0 |      0 |      0 |   1 |   64.0 |
  Orcish Mines |   1317 |   1183 |    134 |    102 |    722 |   2 |  658.5 |
        Vaults |   2345 |   2258 |     87 |    461 |   1076 |   2 | 1172.5 |
      Gauntlet |    435 |    435 |      0 |      0 |    275 |   1 |  435.0 |
               +--------+--------+--------+--------+--------+-----+--------+

Top non-repeatable levels by time:
  Lair:2: 3262 daAuts
    D:10: 2137 daAuts
Vaults:1: 1941 daAuts
    D:15: 1630 daAuts
     D:2: 1608 daAuts
     D:7: 1593 daAuts
     D:5: 1541 daAuts
  Lair:5: 1430 daAuts
  Lair:4: 1409 daAuts
     D:9: 1398 daAuts
     D:1: 1335 daAuts
     D:4: 1182 daAuts
     D:8: 1076 daAuts
  Lair:1: 1025 daAuts
     D:3: 971 daAuts
